[ AOE2 MATCH · #494434741 ]
UnrankedMongols vs Persians
Player's team · WIN
Rival team · LOSS
[ REPLAY ANALYSIS · EXTRACTED FROM THE RECORDED GAME ]
Feudal
8:33
Castle
—
Imperial
—
| APM avg | 73.5 |
| APM peak | 185 |
| eAPM avg | 18.6 |
| Villagers / military | 41 / 24 |
Focus
⚔️ 30.7% · 🌾 69.3%
Archer ×13 · Skirmisher ×6 · Militia ×5
Feudal
10:22
Castle
—
Imperial
—
| APM avg | 55.1 |
| APM peak | 90 |
| eAPM avg | 16.9 |
| Villagers / military | 41 / 9 |
Focus
⚔️ 38.0% · 🌾 62.0%
Archer ×8 · Fishing Ship ×4 · Demolition Raft ×1
Match map
Initial resources + every placement click. Lines = walls · curves = elevation contours. ◆ gold · ⬟ stone · ● berries · ✦ relic · ◌ wall gap
Your base· Open — unwalled flank
LanceroQuetepario's base· Open — unwalled flank
Smoothed initial terrain · ◌ = detected wall gap · hover for details
Inputs per minute
— DS_Rene Lavand - - LanceroQuetepario
Build order — DS_Rene Lavand
101 actions detected in the replay
| 0:01 | Create | Villager (Male) |
| 0:01 | Create | Villager (Male) |
| 0:01 | Create | Villager (Male) |
| 0:01 | Create | Villager (Male) |
| 0:02 | Create | Villager (Male) |
| 0:03 | Build | House |
| 0:04 | Build | House |
| 1:48 | Create | Villager (Male) |
| 1:55 | Build | Lumber Camp |
| 2:07 | Create | Villager (Male) |
| 2:29 | Create | Villager (Male) |
| 2:52 | Create | Villager (Male) |
| 2:54 | Create | Villager (Male) |
| 3:35 | Create | Villager (Male) |
| 3:35 | Create | Villager (Male) |
| 3:35 | Create | Villager (Male) |
| 3:41 | Build | House |
| 4:08 | Create | Villager (Male) |
| 4:08 | Create | Villager (Male) |
| 4:09 | Create | Villager (Male) |
| 4:37 | Create | Villager (Male) |
| 4:41 | Create | Villager (Male) |
| 5:00 | Build | Barracks |
| 5:24 | Build | House |
| 6:18 | Research | Feudal Age |
| 6:42 | Create | Militia |
| 6:43 | Create | Militia |
| 6:43 | Create | Militia |
| 6:54 | Create | Militia |
| 6:55 | Create | Militia |
| 7:11 | Build | Mining Camp |
| 8:33 | Age | Feudal Age |
| 8:37 | Build | Archery Range |
| 8:37 | Research | Man-at-Arms (upgrade) |
| 8:42 | Research | Loom |
| 8:43 | Create | Villager (Male) |
| 8:54 | Create | Villager (Male) |
| 8:58 | Build | House |
| 8:59 | Build | House |
| 9:17 | Build | Watch Tower |
| 9:22 | Create | Archer |
| 9:53 | Create | Villager (Male) |
| 9:56 | Create | Villager (Male) |
| 10:09 | Build | Blacksmith |
| 10:11 | Create | Villager (Male) |
| 10:11 | Create | Villager (Male) |
| 10:35 | Create | Archer |
| 10:35 | Create | Archer |
| 10:42 | Create | Villager (Male) |
| 10:48 | Create | Archer |
| 11:07 | Create | Villager (Male) |
| 11:37 | Build | Mill |
| 11:41 | Create | Villager (Male) |
| 11:45 | Build | Palisade Wall |
| 11:45 | Build | Palisade Wall |
| 11:46 | Build | Palisade Wall |
| 11:46 | Build | Palisade Wall |
| 11:54 | Create | Archer |
| 11:54 | Create | Archer |
| 12:07 | Research | Fletching |
| 12:16 | Create | Villager (Male) |
| 12:18 | Build | Farm |
| 12:19 | Build | Farm |
| 12:19 | Build | Farm |
| 12:20 | Build | Farm |
| 12:24 | Build | House |
| 12:38 | Create | Skirmisher |
| 12:56 | Create | Villager (Male) |
| 13:16 | Create | Archer |
| 13:27 | Create | Villager (Male) |
| 13:28 | Create | Villager (Male) |
| 13:28 | Create | Villager (Male) |
| 13:32 | Build | Farm |
| 13:33 | Build | Farm |
| 13:51 | Build | House |
| 13:54 | Create | Archer |
| 13:57 | Create | Skirmisher |
| 13:58 | Create | Villager (Male) |
| 13:59 | Create | Villager (Male) |
| 14:45 | Build | House |
| 14:46 | Create | Villager (Male) |
| 14:57 | Create | Villager (Male) |
| 14:59 | Create | Skirmisher |
| 14:59 | Create | Skirmisher |
| 15:11 | Build | Watch Tower |
| 15:25 | Create | Skirmisher |
| 15:25 | Create | Archer |
| 15:36 | Create | Villager (Male) |
| 15:36 | Create | Villager (Male) |
| 15:38 | Build | Farm |
| 15:40 | Create | Villager (Male) |
| 16:14 | Create | Skirmisher |
| 16:14 | Create | Archer |
| 16:30 | Create | Villager (Male) |
| 16:32 | Build | House |
| 17:23 | Create | Villager (Male) |
| 17:24 | Create | Archer |
| 17:25 | Build | Farm |
| 17:53 | Create | Archer |
| 17:53 | Create | Archer |
| 18:04 | Build | Watch Tower |
Build order — LanceroQuetepario
90 actions detected in the replay
| 0:01 | Create | Villager (Male) |
| 0:01 | Create | Villager (Male) |
| 0:02 | Create | Villager (Male) |
| 0:03 | Build | House |
| 0:07 | Build | House |
| 0:13 | Create | Villager (Male) |
| 0:14 | Create | Villager (Male) |
| 1:24 | Create | Villager (Male) |
| 1:25 | Create | Villager (Male) |
| 2:01 | Create | Villager (Male) |
| 2:11 | Create | Villager (Male) |
| 2:16 | Build | Lumber Camp |
| 2:53 | Create | Villager (Male) |
| 2:54 | Create | Villager (Male) |
| 3:24 | Create | Villager (Male) |
| 3:47 | Create | Villager (Male) |
| 4:10 | Create | Villager (Male) |
| 4:19 | Build | Dock |
| 4:28 | Build | House |
| 4:30 | Research | Loom |
| 4:40 | Create | Villager (Male) |
| 4:40 | Create | Villager (Male) |
| 4:41 | Create | Villager (Male) |
| 5:01 | Create | Fishing Ship |
| 5:13 | Create | Villager (Male) |
| 5:35 | Build | House |
| 5:44 | Create | Villager (Male) |
| 5:44 | Create | Villager (Male) |
| 6:08 | Create | Fishing Ship |
| 6:19 | Create | Villager (Male) |
| 6:19 | Create | Villager (Male) |
| 6:47 | Create | Fishing Ship |
| 7:28 | Build | House |
| 7:38 | Create | Villager (Male) |
| 7:38 | Create | Fishing Ship |
| 7:58 | Build | House |
| 8:17 | Research | Feudal Age |
| 8:43 | Build | Barracks |
| 8:47 | Build | House |
| 9:02 | Build | Palisade Wall |
| 9:03 | Build | Palisade Wall |
| 9:03 | Build | Palisade Wall |
| 9:33 | Build | Palisade Wall |
| 9:34 | Build | Palisade Wall |
| 9:37 | Build | Palisade Wall |
| 9:38 | Build | Palisade Wall |
| 10:01 | Build | Palisade Wall |
| 10:08 | Build | Palisade Wall |
| 10:22 | Build | Palisade Wall |
| 10:22 | Age | Feudal Age |
| 10:25 | Create | Villager (Male) |
| 10:32 | Build | Archery Range |
| 10:35 | Build | Mining Camp |
| 10:55 | Build | Watch Tower |
| 11:02 | Build | Mining Camp |
| 11:08 | Create | Villager (Male) |
| 11:08 | Research | Double-Bit Axe |
| 11:33 | Create | Archer |
| 11:37 | Create | Villager (Male) |
| 12:04 | Build | Mining Camp |
| 12:05 | Create | Villager (Male) |
| 12:16 | Build | Outpost |
| 12:17 | Research | Town Watch |
| 12:21 | Create | Archer |
| 12:28 | Create | Villager (Male) |
| 12:28 | Create | Villager (Male) |
| 13:17 | Build | Watch Tower |
| 13:33 | Create | Villager (Male) |
| 13:47 | Build | Lumber Camp |
| 13:48 | Create | Villager (Male) |
| 13:50 | Create | Archer |
| 13:50 | Create | Archer |
| 13:55 | Create | Demolition Raft |
| 14:33 | Create | Villager (Male) |
| 14:33 | Create | Villager (Male) |
| 14:40 | Create | Villager (Male) |
| 15:05 | Create | Villager (Male) |
| 15:06 | Create | Villager (Male) |
| 15:10 | Create | Villager (Male) |
| 15:23 | Create | Archer |
| 15:24 | Create | Archer |
| 15:28 | Build | Mining Camp |
| 15:30 | Create | Villager (Male) |
| 15:35 | Create | Archer |
| 16:13 | Create | Villager (Male) |
| 16:15 | Create | Archer |
| 16:16 | Build | House |
| 16:17 | Build | House |
| 16:36 | Create | Villager (Male) |
| 17:18 | Create | Villager (Male) |
Match timeline
| 4:19 | LanceroQuetepario · first_building Dock |
| 5:00 | DS_Rene Lavand · first_building Barracks |
| 8:33 | DS_Rene Lavand · age_up feudal |
| 8:37 | DS_Rene Lavand · first_building Archery Range |
| 8:43 | LanceroQuetepario · first_building Barracks |
| 9:02 | LanceroQuetepario · wall_segment Palisade Wall x1 |
| 9:03 | LanceroQuetepario · wall_segment Palisade Wall x1 |
| 9:03 | LanceroQuetepario · wall_segment Palisade Wall x1 |
| 9:33 | LanceroQuetepario · wall_segment Palisade Wall x1 |
| 9:34 | LanceroQuetepario · wall_segment Palisade Wall x1 |
| 9:37 | LanceroQuetepario · wall_segment Palisade Wall x1 |
| 9:38 | LanceroQuetepario · wall_segment Palisade Wall x1 |
| 10:01 | LanceroQuetepario · wall_segment Palisade Wall x1 |
| 10:08 | LanceroQuetepario · wall_segment Palisade Wall x1 |
| 10:22 | LanceroQuetepario · wall_segment Palisade Wall x1 |
| 10:22 | LanceroQuetepario · age_up feudal |
| 10:32 | LanceroQuetepario · first_building Archery Range |
| 11:45 | DS_Rene Lavand · wall_segment Palisade Wall x1 |
| 11:45 | DS_Rene Lavand · wall_segment Palisade Wall x1 |
| 11:46 | DS_Rene Lavand · wall_segment Palisade Wall x1 |
| 11:46 | DS_Rene Lavand · wall_segment Palisade Wall x1 |
| 18:14 | LanceroQuetepario · resign |
[ AI ANALYSIS · 1 CREDIT ]
What really happened in this match?
Wolo.gg analyzes every decision: build order, eco, micro, common mistakes by bracket. Personalized analysis on WhatsApp or Discord in 30 seconds.
Civ guide
Mongols
Perfil
DS_Rene Lavand